 Dungeon Crawl Stone Soup version 0.21.1-1-g345015f (webtiles) character file.

63905 nicolaieve the Severer (level 14, -7/133 HPs)
             Began as a Minotaur Berserker on July 23, 2018.
             Was the Champion of Trog.
             Killed from afar by an ogre mage (28 damage)
             ... with a bolt of lightning
             ... on level 2 of the Orcish Mines.
             The game lasted 01:26:06 (14847 turns).

nicolaieve the Severer (Minotaur Berserker)        Turns: 14847, Time: 01:26:07

Health: -7/133     AC: 24    Str: 26    XL:     14   Next: 69%
Magic:  0/13       EV: 17    Int:  4    God:    Trog [******]
Gold:   1535       SH:  0    Dex: 16    Spells: 13/13 levels left

rFire    . . .     SeeInvis +   t - +5 battleaxe (venom)
rCold    . . .     Gourm    .   (shield currently unavailable)
rNeg     + . .     Faith    .   B - +2 chain mail {rN+}
rPois    +         Spirit   +   (helmet restricted)
rElec    .         Reflect  .   x - +0 cloak
rCorr    .         Harm     .   h - +2 pair of gloves
MR       +++..                  G - +1 pair of boots
Stlth    ..........             C - amulet of guardian spirit
HPRegen  1.32/turn              p - ring of see invisible
MPRegen  0.13/turn              u - ring of poison resistance

@: agile, berserk cooldown, regenerating, slowed, very slow
A: retaliatory headbutt, horns 2
a: Berserk, Trog's Hand, Brothers in Arms, Burn Spellbooks, Renounce Religion


You were on level 2 of the Orcish Mines.
You worshipped Trog.
Trog was exalted by your worship.
You were hungry.

You visited 3 branches of the dungeon, and saw 20 of its levels.

You collected 1535 gold pieces.

Inventory:

Hand Weapons
 t - a +5 battleaxe of venom (weapon)
 J - a +0 hand axe of flaming
 N - a +4 antimagic battleaxe
Armour
 h - a +2 pair of gloves (worn)
 k - a +1 chain mail of poison resistance
 s - a +0 plate armour
 x - a +0 cloak (worn)
 B - a +2 chain mail of positive energy (worn)
 G - a +1 pair of boots (worn)
Jewellery
 p - a ring of see invisible (left hand)
 u - a ring of poison resistance (right hand)
 C - an amulet of guardian spirit (around neck)
 E - an uncursed ring of protection from fire
 P - an uncursed ring of resist corrosion
Wands
 q - a wand of digging (7)
 y - a wand of random effects (18)
 z - a wand of paralysis (40)
 F - a wand of clouds (3)
 K - a wand of flame (20)
 L - a wand of enslavement (42)
 Q - a wand of disintegration (11)
Scrolls
 a - 10 scrolls of remove curse
 d - 3 scrolls of fear
 m - 6 scrolls of teleportation
 n - a scroll of acquirement {unknown}
 r - 3 scrolls of enchant armour
 v - 4 scrolls of fog {unknown}
 w - 5 scrolls of magic mapping
 A - 2 scrolls of enchant weapon
 I - 4 scrolls of blinking {unknown}
 M - 2 scrolls of immolation
 O - a scroll of torment
Potions
 e - 5 potions of invisibility
 g - a potion of lignification
 i - 10 potions of curing
 j - 4 potions of haste
 l - a potion of resistance
 o - 4 potions of flight
 H - a potion of agility
Comestibles
 c - 39 rations
 D - 5 chunks of flesh


   Skills:
 + Level 14.3 Fighting
 - Level 19.9(20.0) Axes
   Level 0.6(13.5) Maces & Flails
 + Level 16.4 Armour
 * Level 4.4 Dodging


You had 13 spell levels left.
You didn't know any spells.

Dungeon Overview and Level Annotations

Branches:
Dungeon (12/15)            Temple (0/1) D:4            Lair (6/6) D:9
 Shoals (0/4) Lair:2       Spider (0/4) Lair:3        Slime (0/5) Lair:5
    Orc (2/2) D:12            Elf (0/3) Orc:2

Altars:
Ashenzari
Hepliaklqana
Kikubaaqudgha
Nemelex Xobeh
Okawaru
Qazlal
Sif Muna
Yredelemnul
Jiyva

Shops:
Orc:2 [*%(

Portals:
Trove: D:10 (give +4 shadow dragon scales)

Annotations:
Lair:1 exclusion: oklob plant


Innate Abilities, Weirdness & Mutations

You reflexively headbutt those who attack you in melee.
You have a pair of horns on your head.


Message History

You hear two shouts!
You swing at nothing.
The ogre seems to regain its courage.
You swing at nothing.
The ogre mage completely misses you.
Okay, then.
There are monsters nearby!
Unknown command.
Okay, then.
You swing at nothing.
The ogre mage gestures at the ogre while chanting.
The ogre seems to speed up.
You swing at nothing.
You feel less wooden.
Your +0 cloak unmelds from your body.
Your +2 pair of gloves unmelds from your body.
Your +1 pair of boots unmelds from your body.
Your +2 chain mail of positive energy unmelds from your body.
You feel more protected from negative energy.
The ogre mage casts a spell at you. The bolt of lightning hits you!
You die... ..###........ ∩∩..... .###........# O....... ..#.........# OOO......

. ............## ....... #.
....)........########).########..
........#..........)))...........
..................O))[.....O.....
......).........[..........O.....
.............).)@)..O............
................)................
.................................
..#................O.............
.................................
.................................
.............................
.............................
...##....##.#.#.....#..#...#.


You could see an ogre mage and 2 ogres.

Vanquished Creatures
  Gastronok (D:8)
  Kirke (Lair:4)
  A fire dragon (Lair:6)
  6 hydras
  Erica (D:9)
  14 two-headed ogres
  3 ogre magi (Orc:2)
  The ghost of wojtek the Cleaver, a novice MiFi of Makhleb (D:8)
  A swamp dragon (Lair:6)
  Pikel (D:6)
  An orc sorcerer (Orc:2)
  An ugly thing (D:11)
  A wolf spider (Lair:6)
  Maurice (D:8)
  2 elephants (Lair:4)
  A centaur zombie (D:12)
  6 black mambas
  2 merfolk sirens (Lair:2)
  A guardian serpent (Lair:6)
  19 spiny frogs
  6 komodo dragons
  2 rime drakes
  4 trolls
  2 hornets (Lair:6)
  9 blink frogs
  Prince Ribbit (D:6)
  4 slime creatures (D:12)
  7 hippogriffs
  A meliai zombie (D:12)
  3 redbacks (Lair:6)
  A shadow (D:12)
  56 yaks
  10 wyverns (Lair:6)
  3 basilisks
  3 hungry ghosts
  5 hogs (Lair:4)
  2 steam dragons
  2 acid dragons (Lair:6)
  2 wargs
  18 water moccasins
  7 porcupines
  A sky beast (D:5)
  3 ice beasts
  12 orc warriors
  An eye of draining (D:12)
  2 phantoms
  2 swamp drakes (Lair:6)
  4 slaves (D:6)
  25 ogres
  5 centaurs
  12 crocodiles
  13 bullfrogs
  A wyvern skeleton (D:10)
  3 scorpions
  The ghost of dscm the Skirmisher, a weakling HOFi of Vehumet (D:3)
  8 killer bees
  5 wights (D:12)
  An electric eel (Lair:1)
  A vampire bat (D:2)
  A howler monkey (D:12)
  4 crimson imps
  10 hounds
  3 centaur skeletons
  3 jellies
  9 orc priests
  2 bullfrog skeletons
  A gnoll shaman (D:8)
  15 orc wizards
  6 iguanas
  8 worker ants
  A hound zombie (D:9)
  A hound skeleton (D:4)
  3 worker ant zombies
  Robin (D:3)
  15 gnolls
  9 adders
  4 shadow imps
  2 oozes
  3 adder zombies
  An adder skeleton (D:4)
  7 worms
  4 dart slugs
  4 leopard geckos
  74 orcs
  2 bat skeletons (D:2)
  2 bat zombies (D:2)
  7 giant cockroaches
  15 goblins
  16 hobgoblins
  10 jackals
  11 kobolds
  5 quokkas
  8 bats
  7 frilled lizards
  A giant cockroach zombie (D:6)
  A jackal zombie (D:8)
  3 leopard gecko skeletons
  A quokka zombie (D:9)
  6 rats
  3 fungi
  11 plants
  A withered plant (D:5)
614 creatures vanquished.

Vanquished Creatures (others)
  An elephant (Lair:4)
  6 fungi
  10 plants
17 creatures vanquished.

Grand Total: 631 creatures vanquished

Notes
Turn   | Place    | Note
-------+----------+-------------------------------------------
     0 | D:1      | nicolaieve the Minotaur Berserker began the quest for the Orb.
     0 | D:1      | Reached XP level 1. HP: 19/19 MP: 0/0
    45 | D:1      | Reached skill level 4 in Axes
    51 | D:1      | Reached XP level 2. HP: 26/26 MP: 1/1
   287 | D:1      | Reached skill level 5 in Axes
   407 | D:1      | Reached XP level 3. HP: 30/31 MP: 2/2
   573 | D:2      | Reached ** piety under Trog
   589 | D:2      | Found an ancient bone altar of Kikubaaqudgha.
   598 | D:2      | Reached skill level 6 in Axes
   598 | D:2      | Reached XP level 4. HP: 39/39 MP: 3/3
   794 | D:2      | Reached skill level 7 in Axes
   794 | D:2      | Reached XP level 5. HP: 23/45 MP: 4/4
  1419 | D:3      | Noticed dscm's ghost (weakling HOFi)
  1425 | D:3      | Noticed Robin
  1425 | D:3      | Killed dscm's ghost
  1433 | D:3      | Killed Robin
  1433 | D:3      | Reached skill level 8 in Axes
  1437 | D:3      | Reached *** piety under Trog
  1524 | D:3      | Reached XP level 6. HP: 34/51 MP: 5/5
  1719 | D:3      | Found an iron altar of Okawaru.
  2071 | D:4      | Found a shattered altar of Ashenzari.
  2164 | D:4      | Found a staircase to the Ecumenical Temple.
  2186 | D:4      | Reached skill level 9 in Axes
  2301 | D:4      | Reached XP level 7. HP: 52/57 MP: 6/6
  2432 | D:4      | Reached skill level 10 in Axes
  2450 | D:4      | Reached **** piety under Trog
  2870 | D:5      | Entered Level 5 of the Dungeon
  2900 | D:5      | Found a basalt altar of Yredelemnul.
  3003 | D:5      | Reached skill level 11 in Axes
  3053 | D:5      | Reached XP level 8. HP: 41/64 MP: 7/7
  3234 | D:5      | Reached skill level 12 in Axes
  3272 | D:6      | Noticed Prince Ribbit
  3301 | D:6      | Killed Prince Ribbit
  3325 | D:6      | Noticed Pikel
  3334 | D:6      | Killed Pikel
  3334 | D:6      | Reached skill level 13 in Axes
  3334 | D:6      | Reached XP level 9. HP: 70/70 MP: 8/8
  3407 | D:6      | Found a shattered altar of Ashenzari.
  3491 | D:6      | Reached ***** piety under Trog
  3510 | D:6      | Reached skill level 14 in Axes
  3801 | D:7      | Found a sparkling altar of Nemelex Xobeh.
  3803 | D:7      | Found a deep blue altar of Sif Muna.
  3914 | D:7      | Reached skill level 15 in Axes
  3993 | D:7      | Noticed a six-headed hydra
  4004 | D:7      | Killed a seven-headed hydra
  4004 | D:7      | Reached skill level 16 in Axes
  4273 | D:7      | Reached XP level 10. HP: 61/78 MP: 9/9
  4527 | D:8      | Noticed wojtek's ghost (novice MiFi)
  4540 | D:8      | Killed wojtek's ghost
  4540 | D:8      | Reached skill level 5 in Fighting
  4667 | D:8      | Noticed Maurice
  4676 | D:8      | Killed Maurice
  4726 | D:8      | Reached skill level 5 in Armour
  4798 | D:8      | Noticed Gastronok
  4809 | D:8      | Killed Gastronok
  4809 | D:8      | Received a gift from Trog
  5297 | D:9      | Found a stormy altar of Qazlal.
  5346 | D:9      | Noticed a two-headed ogre
  5355 | D:9      | Killed a two-headed ogre
  5355 | D:9      | Reached XP level 11. HP: 95/95 MP: 3/10
  5358 | D:9      | Found a hazy altar of Hepliaklqana.
  5402 | D:9      | Noticed Erica
  5414 | D:9      | Killed Erica
  5415 | D:9      | Reached skill level 17 in Axes
  5802 | D:9      | Found a staircase to the Lair.
  6060 | D:10     | Entered Level 10 of the Dungeon
  6432 | D:10     | Noticed a two-headed ogre
  6440 | D:10     | Killed a two-headed ogre
  6611 | D:10     | Found a portal to a secret trove of treasure.
  6941 | D:11     | Reached skill level 18 in Axes
  6949 | D:11     | Noticed a green ugly thing
  6955 | D:11     | Killed a green ugly thing
  7086 | D:11     | Reached ****** piety under Trog
  7096 | D:11     | Noticed a seven-headed hydra
  7111 | D:11     | Killed a seven-headed hydra
  7145 | D:11     | Noticed a two-headed ogre
  7149 | D:11     | Killed a two-headed ogre
  7149 | D:11     | Reached skill level 19 in Axes
  7149 | D:11     | Reached XP level 12. HP: 103/103 MP: 3/11
  7336 | D:11     | Found a stormy altar of Qazlal.
  7346 | D:11     | Found a sparkling altar of Nemelex Xobeh.
  7833 | D:12     | Received a gift from Trog
  7945 | D:12     | Found a staircase to the Orcish Mines.
  8217 | Lair:1   | Entered Level 1 of the Lair of Beasts
  8836 | Lair:1   | Reached skill level 10 in Armour
  9706 | Lair:2   | Found a staircase to the Shoals.
 10256 | Lair:3   | Noticed a five-headed hydra
 10262 | Lair:3   | Killed a seven-headed hydra
 10291 | Lair:3   | Reached XP level 13. HP: 93/108 MP: 12/12
 10413 | Lair:3   | Found a hole to the Spider Nest.
 11035 | Lair:4   | Received a gift from Trog
 11523 | Lair:4   | Noticed Kirke
 11531 | Lair:4   | Killed Kirke
 11763 | Lair:4   | Reached skill level 15 in Armour
 12192 | Lair:5   | Found a staircase to the Slime Pits.
 12194 | Lair:5   | Found a viscous altar of Jiyva.
 12579 | Lair:6   | Entered Level 6 of the Lair of Beasts
 12623 | Lair:6   | Reached skill level 10 in Fighting
 13358 | Lair:6   | Reached XP level 14. HP: 72/125 MP: 13/13
 13642 | Lair:6   | Received a gift from Trog
 13963 | Lair:6   | Paralysed by a hornet for 3 turns
 14381 | Orc:1    | Entered Level 1 of the Orcish Mines
 14532 | Orc:2    | Entered Level 2 of the Orcish Mines
 14671 | Orc:2    | Found a staircase to the Elven Halls.
 14781 | Orc:2    | Found Ubahu's Assorted Antiques.
 14781 | Orc:2    | Found Horr's Antique Weapon Shop.
 14792 | Orc:2    | Found Corghenia's Antique Armour Boutique.
 14792 | Orc:2    | Found Luemn's Food Emporium.
 14805 | Orc:2    | Received a gift from Trog
 14847 | Orc:2    | Killed from afar by an ogre mage

Skill      XL: |  1  2  3  4  5  6  7  8  9 10 11 12 13 14 |
---------------+-------------------------------------------+-----
Axes           | 4 5 6 7 8 9 11 13 16 19 | 19.9
Fighting       | 8 11 14 | 14.3
Armour         | 7 8 12 15 16 | 16.4
Dodging        | 4 |  4.4
Maces & Flails | |  0.6

Action                   |  1- 3 |  4- 6 |  7- 9 | 10-12 | 13-15 || total
-------------------------+-------+-------+-------+-------+-------++-------
Melee: Hand axe          |    43 |   144 |   203 |    53 |       ||   443
       Headbutt          |     7 |    28 |    33 |   105 |    79 ||   252
       Whip              |       |       |     7 |    12 |    21 ||    40
       Battleaxe         |       |       |       |   439 |   361 ||   800
Invok: Berserk           |     1 |     3 |     8 |    12 |     9 ||    33
       Trog's Hand       |       |       |     1 |       |     5 ||     6
       Burn Spellbooks   |       |       |       |     4 |       ||     4
  Use: Scroll            |     1 |     3 |     6 |     3 |    10 ||    23
       Potion            |       |       |       |       |     6 ||     6
  Eat: Chunk             |       |     8 |    15 |    33 |    21 ||    77
       Ration            |       |       |       |       |     1 ||     1
Armor: Animal skin       |     6 |       |       |       |       ||     6
       Leather armour    |     2 |    10 |       |       |       ||    12
       Ring mail         |    12 |    12 |       |       |       ||    24
       Chain mail        |       |    14 |    86 |    94 |   222 ||   416
       Plate armour      |       |       |       |   190 |       ||   190
       Skin              |       |       |       |       |    35 ||    35
Dodge: Dodged            |    56 |    60 |    82 |   182 |   172 ||   552
